3R
WATFORD CITY TRASH PANDAS @ SURPRISE SHOCKERS
08/29/2042
 
TOP OF THE 1ST
Watford City Trash Pandas batting - Pitching for Surprise Shockers : RHP Scott Powell
Pitching: RHP Scott Powell
Batting: LHB Chad Proctor 0-0: Ball
1-0: Ball
2-0: Called Strike
2-1: Called Strike
2-2: Strikes out swinging
Batting: LHB Don Hartman 0-0: Ball
1-0: Foul Ball, location: 2F
1-1: Foul Ball, location: 2F
1-2: Ball
2-2: Foul Ball, location: 2F
2-2: Fly out, F9 (Flyball, 9, EV 95.0 MPH)
Batting: LHB Pedro Rey 0-0: Ball
1-0: Called Strike
1-1: Foul Ball, location: 2F
1-2: Fly out, F8 (Line Drive, 8RD, EV 92.5 MPH)
Top of the 1st over - 0 runs, 0 hits, 0 errors, 0 left on base; Watford City 0 - Surprise 0
BOTTOM OF THE 1ST
Surprise Shockers batting - Pitching for Watford City Trash Pandas : LHP Wayne Chambers
Pitching: LHP Wayne Chambers
Batting: SHB Fred Simpson 0-0: Ball
1-0: Swinging Strike
1-1: Ball
2-1: Ground out 6-3 (Groundball, 6M, EV 99.4 MPH)
Batting: RHB Augusto Castro 0-0: Ground out 1-3 (Groundball, 15S, EV 71.2 MPH)
Batting: RHB Manny Inserni 0-0: Ball
1-0: Foul Ball, location: 2F
1-1: DOUBLE (Line Drive, 9LM, EV 106.9 MPH)
Batting: RHB Manuel Usedo 0-0: Called Strike
0-1: Ball
1-1: Swinging Strike
1-2: Strikes out swinging
Bottom of the 1st over - 0 runs, 1 hit, 0 errors, 1 left on base; Watford City 0 - Surprise 0
TOP OF THE 2ND
Watford City Trash Pandas batting - Pitching for Surprise Shockers : RHP Scott Powell
Batting: LHB Marcos Vargas 0-0: Called Strike
0-1: Ball
1-1: Ball
2-1: Foul Ball, location: 2F
2-2: Ground out 4-3 (Groundball, 34, EV 104.4 MPH)
Batting: SHB José López 0-0: Called Strike
0-1: Called Strike
0-2: Ball
1-2: Foul Ball, location: 2F
1-2: Ground out 3-1 (Groundball, 34, EV 86.2 MPH)
Pitching: RHP Shimei Sugiyama
Batting: RHB Sung-jae Nam 0-0: Called Strike
0-1: SINGLE (Groundball, 6MD, EV 107.5 MPH)
Batting: RHB Zier Weeteling 0-0: Ball
1-0: Called Strike
1-1: Ball
2-1: 2-RUN HOME RUN (Flyball, 7LD, EV 87.5 MPH), Distance : 341 ft
Batting: LHB Francisco Gallardo 0-0: Fly out, F8 (Flyball, 78D, EV 101.9 MPH)
Top of the 2nd over - 2 runs, 2 hits, 0 errors, 0 left on base; Watford City 2 - Surprise 0
BOTTOM OF THE 2ND
Surprise Shockers batting - Pitching for Watford City Trash Pandas : LHP Wayne Chambers
Batting: RHB Tony Floyd 0-0: Called Strike
0-1: Called Strike
0-2: Strikes out looking
Batting: SHB Al Miller 0-0: Called Strike
0-1: Ball
1-1: Ground out 4-3 (Groundball, 4M, EV 86.9 MPH)
Batting: LHB Cory Blatchford 0-0: Ball
1-0: Ball
2-0: Called Strike
2-1: Ball
3-1: Foul Ball, location: 2F
3-2: DOUBLE (Line Drive, 7LM, EV 96.9 MPH)
Batting: RHB Javier Castro 0-0: Swinging Strike
0-1: SINGLE (Line Drive, 89M, EV 91.9 MPH)
Cory Blatchford to third
Runner from 3rd tries for Home, SAFE, throw by RF to home
Batting: LHB George Fraser 0-0: Swinging Strike
0-1: Swinging Strike
0-2: Ball
1-2: Strikes out looking
Bottom of the 2nd over - 1 run, 2 hits, 0 errors, 1 left on base; Watford City 2 - Surprise 1
TOP OF THE 3RD
Watford City Trash Pandas batting - Pitching for Surprise Shockers : RHP Shimei Sugiyama
Batting: RHB Lee Carlson 0-0: Ball
1-0: Swinging Strike
1-1: Called Strike
1-2: Strikes out swinging
Batting: LHB Chad Proctor 0-0: Called Strike
0-1: Fly out, F8 (Flyball, 8LS, EV 89.4 MPH)
Batting: LHB Don Hartman 0-0: Called Strike
0-1: Fly out, F6 (Line Drive, 6, EV 66.2 MPH)
Top of the 3rd over - 0 runs, 0 hits, 0 errors, 0 left on base; Watford City 2 - Surprise 1
BOTTOM OF THE 3RD
Surprise Shockers batting - Pitching for Watford City Trash Pandas : LHP Wayne Chambers
Batting: SHB Fred Simpson 0-0: Ground out 6-3 (Groundball, 6M, EV 86.9 MPH)
Batting: RHB Augusto Castro 0-0: Called Strike
0-1: Swinging Strike
0-2: Ball
1-2: Ball
2-2: Strikes out swinging
Batting: RHB Manny Inserni 0-0: Ball
1-0: Ball
2-0: Ball
3-0: Called Strike
3-1: Foul Ball, location: 2F
3-2: Ground out 3-1 (Groundball, 34, EV 103.8 MPH)
Bottom of the 3rd over - 0 runs, 0 hits, 0 errors, 0 left on base; Watford City 2 - Surprise 1
TOP OF THE 4TH
Watford City Trash Pandas batting - Pitching for Surprise Shockers : RHP Shimei Sugiyama
Batting: LHB Pedro Rey 0-0: Called Strike
0-1: Ball
1-1: Swinging Strike
1-2: Strikes out swinging
Batting: LHB Marcos Vargas 0-0: Ball
1-0: Foul Ball, location: 2F
1-1: Ball
2-1: Ball
3-1: Foul Ball, location: 2F
3-2: Base on Balls
Batting: SHB José López 0-0: Called Strike
Marcos Vargas is caught stealing 2nd base 2-6
0-1: Foul Ball, location: 2F
0-2: Ball
1-2: Foul Ball, location: 2F
1-2: Ball
2-2: Strikes out swinging
Top of the 4th over - 0 runs, 0 hits, 0 errors, 0 left on base; Watford City 2 - Surprise 1
BOTTOM OF THE 4TH
Surprise Shockers batting - Pitching for Watford City Trash Pandas : LHP Wayne Chambers
Batting: RHB Manuel Usedo 0-0: Ball
1-0: Ball
2-0: Called Strike
2-1: Foul Ball, location: 2F
2-2: Reached on error, E4 (Groundball, 4M, EV 86.2 MPH)
Batting: RHB Tony Floyd 0-0: Foul Ball, location: 2F
0-1: Fly out, F7 (Line Drive, 7D, EV 95.6 MPH)
Batting: SHB Al Miller 0-0: Foul Ball, location: 2F
0-1: SINGLE (Flyball, 89M, EV 96.9 MPH)
Manuel Usedo to second
Runner from 2nd tries for 3rd, SAFE, no throw by CF
Batting: LHB Cory Blatchford 0-0: Ball
1-0: Swinging Strike
1-1: Foul Ball, location: 2F
1-2: Strikes out looking
Batting: RHB Javier Castro 0-0: Ball
1-0: Fly out, F8 (Flyball, 8RXD, EV 101.2 MPH)
Bottom of the 4th over - 0 runs, 1 hit, 1 error, 2 left on base; Watford City 2 - Surprise 1
TOP OF THE 5TH
Watford City Trash Pandas batting - Pitching for Surprise Shockers : RHP Shimei Sugiyama
Batting: RHB Sung-jae Nam 0-0: Fly out, F9 (Line Drive, 9, EV 106.2 MPH)
Batting: RHB Zier Weeteling 0-0: Called Strike
0-1: Ball
1-1: Ball
2-1: Ball
3-1: Base on Balls
Batting: LHB Francisco Gallardo 0-0: Ball
1-0: Foul Ball, location: 2F
1-1: Foul Ball, location: 2F
1-2: SINGLE (Line Drive, 9S, EV 101.9 MPH)
Zier Weeteling to second
Batting: RHB Lee Carlson 0-0: Fly out, F3 (Popup, 3, EV 80.6 MPH)
Batting: LHB Chad Proctor 0-0: Ball
1-0: Ball
2-0: Ball
3-0: Called Strike
3-1: Base on Balls
Zier Weeteling to third
Francisco Gallardo to second
Batting: LHB Don Hartman 0-0: Swinging Strike
0-1: Reached on error, E6 (Groundball, 6, EV 94.4 MPH)
Zier Weeteling scores
Francisco Gallardo to third
Chad Proctor to second
Batting: LHB Pedro Rey 0-0: Called Strike
0-1: Foul Ball, location: 2F
0-2: Strikes out swinging
Top of the 5th over - 1 run, 1 hit, 1 error, 3 left on base; Watford City 3 - Surprise 1
BOTTOM OF THE 5TH
Surprise Shockers batting - Pitching for Watford City Trash Pandas : LHP Wayne Chambers
Batting: LHB George Fraser 0-0: Ball
1-0: Ball
2-0: SINGLE (Groundball, 6MD, EV 95.0 MPH)
Batting: SHB Fred Simpson 0-0: Ball
1-0: SINGLE (Groundball, 5D, EV 101.9 MPH)
George Fraser to second
Runner from 2nd tries for 3rd, SAFE, no throw by LF
Batting: RHB Augusto Castro 0-0: Ball
1-0: Fielders Choice at 2nd, 6-4 (Groundball, 6S, EV 85.0 MPH)
George Fraser scores
Batting: RHB Manny Inserni 0-0: Called Strike
0-1: Ball
1-1: Ground out 5-3 (Groundball, 56S, EV 68.1 MPH)
Augusto Castro to second
Batting: RHB Manuel Usedo 0-0: Called Strike
0-1: Ball
1-1: Fly out, F8 (Line Drive, 8LM, EV 93.8 MPH)
Bottom of the 5th over - 1 run, 2 hits, 0 errors, 1 left on base; Watford City 3 - Surprise 2
TOP OF THE 6TH
Watford City Trash Pandas batting - Pitching for Surprise Shockers : RHP Shimei Sugiyama
Batting: LHB Marcos Vargas 0-0: Foul Ball, location: 2F
0-1: Ball
1-1: Ball
2-1: Foul Ball, location: 2F
2-2: Fly out, F7 (Flyball, 78S, EV 94.4 MPH)
Batting: SHB José López 0-0: Foul Ball, location: 2F
0-1: Ground out 4-3 (Groundball, 4S, EV 86.2 MPH)
Batting: RHB Sung-jae Nam 0-0: Ball
1-0: Foul Ball, location: 2F
1-1: SINGLE (Groundball, 6MD, EV 95.0 MPH)
Pitching: RHP Josh Rainey
Batting: RHB Zier Weeteling 0-0: SINGLE (Line Drive, 6D, EV 99.4 MPH)
Sung-jae Nam to second
Batting: LHB Francisco Gallardo 0-0: Ball
1-0: SINGLE (Groundball, 4MD, EV 96.9 MPH)
Sung-jae Nam to third
Zier Weeteling to second
Runner from 3rd tries for Home, SAFE, throw by CF to home
Batting: RHB Lee Carlson 0-0: Ball
1-0: Fly out, F9 (Flyball, 9D, EV 96.2 MPH)
Top of the 6th over - 1 run, 3 hits, 0 errors, 2 left on base; Watford City 4 - Surprise 2
BOTTOM OF THE 6TH
Surprise Shockers batting - Pitching for Watford City Trash Pandas : LHP Wayne Chambers
Pitching: RHP Gilberto Elías
Batting: RHB Tony Floyd 0-0: Called Strike
0-1: Foul Ball, location: 2F
0-2: Ball
1-2: Strikes out swinging
Batting: SHB Al Miller 0-0: Called Strike
0-1: Fly out, F4 (Line Drive, 4, EV 68.8 MPH)
Batting: LHB Cory Blatchford 0-0: Called Strike
0-1: Ball
1-1: Ball
2-1: Ground out 2-3 (Groundball, 13S, EV 72.5 MPH)
Bottom of the 6th over - 0 runs, 0 hits, 0 errors, 0 left on base; Watford City 4 - Surprise 2
TOP OF THE 7TH
Watford City Trash Pandas batting - Pitching for Surprise Shockers : RHP Josh Rainey
Batting: LHB Chad Proctor 0-0: SINGLE (Groundball, 34D, EV 108.1 MPH)
Batting: LHB Don Hartman 0-0: Ball
1-0: Sac Bunt to 13S - play at first, batter OUT! 1-4
Chad Proctor to second
Batting: LHB Pedro Rey 0-0: Intentional Walk
Batting: LHB Marcos Vargas 0-0: Fielders Choice at 2nd, 1-6 (Groundball, P, EV 81.2 MPH)
Chad Proctor to third
Batting: SHB José López 0-0: Ball
1-0: Foul Ball, location: 2F
1-1: Swinging Strike
1-2: Fly out, F7 (Flyball, 78S, EV 75.0 MPH)
Top of the 7th over - 0 runs, 1 hit, 0 errors, 2 left on base; Watford City 4 - Surprise 2
BOTTOM OF THE 7TH
Surprise Shockers batting - Pitching for Watford City Trash Pandas : RHP Gilberto Elías
Batting: RHB Javier Castro 0-0: Called Strike
0-1: Swinging Strike
0-2: Ball
1-2: Strikes out swinging
Batting: LHB George Fraser 0-0: Called Strike
0-1: Ball
1-1: Called Strike
1-2: Ball
2-2: Strikes out swinging
Batting: SHB Fred Simpson 0-0: Called Strike
0-1: SINGLE (Line Drive, 8LS, EV 98.8 MPH)
Batting: RHB Augusto Castro 0-0: Ball
Fred Simpson is caught stealing 2nd base 2-4
Bottom of the 7th over - 0 runs, 1 hit, 0 errors, 0 left on base; Watford City 4 - Surprise 2
TOP OF THE 8TH
Watford City Trash Pandas batting - Pitching for Surprise Shockers : RHP Josh Rainey
Batting: RHB Sung-jae Nam 0-0: Called Strike
0-1: Foul Ball, location: 2F
0-2: Ball
1-2: Strikes out swinging
Batting: RHB Zier Weeteling 0-0: Ball
1-0: Called Strike
1-1: Ball
2-1: Foul Ball, location: 2F
2-2: Ball
3-2: Base on Balls
Batting: LHB Francisco Gallardo 0-0: Called Strike
Zier Weeteling is caught stealing 2nd base 2-6
0-1: SINGLE (Groundball, 4D, EV 94.4 MPH)
Batting: RHB Lee Carlson 0-0: Swinging Strike
0-1: Ball
1-1: Ball
2-1: Foul Ball, location: 2F
2-2: Foul Ball, location: 2F
2-2: Fielders Choice at 2nd, 5-4 (Groundball, 5, EV 101.9 MPH)
Top of the 8th over - 0 runs, 1 hit, 0 errors, 1 left on base; Watford City 4 - Surprise 2
BOTTOM OF THE 8TH
Surprise Shockers batting - Pitching for Watford City Trash Pandas : RHP Gilberto Elías
Batting: RHB Augusto Castro 0-0: Swinging Strike
0-1: Ball
1-1: Foul Ball, location: 2F
1-2: Fly out, F4 (Line Drive, 4, EV 69.4 MPH)
Batting: RHB Manny Inserni 0-0: Ball
1-0: Called Strike
1-1: Ball
2-1: Foul Ball, location: 2F
2-2: Foul Ball, location: 2F
2-2: SINGLE (Line Drive, 34D, EV 100.0 MPH)
Batting: RHB Manuel Usedo 0-0: Foul Ball, location: 2F
0-1: Ball
1-1: Ball
2-1: Ball
3-1: Swinging Strike
3-2: Ground out U3 (Groundball, 34, EV 86.2 MPH)
Manny Inserni to second
Batting: RHB Tony Floyd 0-0: Ball
1-0: Foul Ball, location: 2F
1-1: Ball
2-1: Foul Ball, location: 2F
2-2: Foul Ball, location: 2F
2-2: Ball
3-2: Strikes out looking
Bottom of the 8th over - 0 runs, 1 hit, 0 errors, 1 left on base; Watford City 4 - Surprise 2
TOP OF THE 9TH
Watford City Trash Pandas batting - Pitching for Surprise Shockers : RHP Josh Rainey
Pitching: RHP Jayson McMasters
Batting: LHB Chad Proctor 0-0: Swinging Strike
0-1: Swinging Strike
0-2: Strikes out swinging
Batting: LHB Don Hartman 0-0: Called Strike
0-1: Ball
1-1: Ball
2-1: Ground out 6-3 (Groundball, 6, EV 101.9 MPH)
Batting: LHB Pedro Rey 0-0: Foul Ball, location: 2F
0-1: Foul Ball, location: 2F
0-2: Ball
1-2: Fly out, F4 (Popup, 4M, EV 56.2 MPH)
Top of the 9th over - 0 runs, 0 hits, 0 errors, 0 left on base; Watford City 4 - Surprise 2
BOTTOM OF THE 9TH
Surprise Shockers batting - Pitching for Watford City Trash Pandas : RHP Gilberto Elías
Pitching: RHP Mike Gould
Batting: SHB Al Miller 0-0: Called Strike
0-1: Swinging Strike
0-2: Ground out 4-3 (Groundball, 4M, EV 108.8 MPH)
Batting: LHB Cory Blatchford 0-0: Ball
1-0: Ball
2-0: Ball
3-0: Called Strike
3-1: Called Strike
3-2: Base on Balls
Pinch Hitting: RHB Al Custello 0-0: Ball
1-0: Swinging Strike
1-1: Foul Ball, location: 2F
1-2: SINGLE (Groundball, 34D, EV 102.5 MPH)
Cory Blatchford to second
Batting: LHB George Fraser 0-0: Ball
1-0: Fly out, F9 (Flyball, 9LS, EV 83.1 MPH)
Pinch Hitting: LHB Vinnie van der Weiden 0-0: Ball
1-0: Ground out U3 (Groundball, 34, EV 83.1 MPH)
Bottom of the 9th over - 0 runs, 1 hit, 0 errors, 2 left on base; Watford City 4 - Surprise 2
Friday, March 26th, 2021 - OOTP Baseball 20.8 Build 74